 Dungeon Crawl Stone Soup version 0.30-a0-778-g2ef04afb54 (webtiles) character file.

Game seed: 10153449822960988422

1749150 Lobster4 the Petrodigitator (level 27, 178/178 HPs)
             Began as a Gargoyle Earth Elementalist on Feb 15, 2023.
             Was the Champion of Vehumet.
             Escaped with the Orb
             ... and 4 runes!
             The game lasted 05:54:27 (122494 turns).

Lobster4 the Petrodigitator (GrEE)                Turns: 122494, Time: 05:54:28

Health: 178/178    AC: 49    Str: 19      XL:     27
Magic:  39/39      EV: 15    Int: 38      God:    Vehumet [******]
Gold:   7144       SH: 13    Dex:  2 (3)  Spells: 3/58 levels left

rFire   + . .      SeeInvis +    a - staff of earth
rCold   + + .      Faith    .    N - +1 kite shield {rC+}
rNeg    + + +      Spirit   .    x - +3 scale mail "Wesmoaj" {rElec Will++ rCorr Dex-5}
rPois   ∞          Reflect  .    g - +2 helmet {Int+3}
rElec   +          Harm     .    r - scarf {rC+ rF+}
rCorr   +          Rampage  ∞    M - +2 pair of gloves {Str+3}
Will    +++++      Rage     3%   I - +3 pair of seven-league boots {Rampage+∞} Stlth
                                 X - amulet "Saapruoch" {RegenMP rElec rN++ rCorr Dex-2}
HPRegen 0.49/turn                w - ring of Ceasef {rF+ Will+ Int+6}
MPRegen 0.66/turn                P - ring of Affyenyu {EV+5 Str+3 SInv Stlth-}

@: flying, studying 2 skills
A: sickness immunity, AC +20, big wings, negative energy resistance 1,
electricity resistance, torment resistance 1, petrification resistance,
iridescent scales 1, berserk 1, deterioration 1, low MP 1, strong-willed 1,
passive freeze, evolution 1, heat vulnerability 1, sturdy frame 1, noise
suppression
0: Orb of Zot
}: 4/15 runes: serpentine, barnacled, slimy, silver
a: Renounce Religion


You escaped.
You worshipped Vehumet.
Vehumet was exalted by your worship.
You visited 11 branches of the dungeon, and saw 55 of its levels.
You also visited: Sewer, Bailey, Ice Cave, Volcano and Wizlab.

You collected 13322 gold pieces.
You spent 6178 gold pieces at shops.

Inventory:

Hand Weapons
 b - a +3 sling of electrocution
 U - a +4 eveningstar of draining
 Y - the +10 eveningstar of Nialer {heavy, rElec rC+ MP+9}
   (You acquired it on level 5 of the Vaults)

   rC:        It protects you from cold.
   rElec:     It insulates you from electricity.
   MP:        It affects your magic capacity (+9).
Missiles
 k - 97 poisoned darts (quivered)
 S - 28 curare-tipped darts
Armour
 g - a +2 helmet of intelligence (worn)
 r - a scarf of resistance (worn)
 x - the +3 scale mail "Wesmoaj" (worn) {rElec Will++ rCorr Dex-5}
   (You found it in an ice cave)

   Dex:       It affects your dexterity (-5).
   rElec:     It insulates you from electricity.
   rCorr:     It protects you from acid and corrosion.
   Will:      It greatly increases your willpower.
 I - the +3 pair of seven-league boots (worn) {Rampage+∞}
   (You acquired it in a bailey)

   Rampage+∞: When moving toward enemies, its wearer moves as far as possible.
 M - a +2 pair of gloves of strength (worn)
 N - a +1 kite shield of cold resistance (worn)
Magical Staves
 a - a staff of earth (weapon)
Jewellery
 d - an amulet of reflection
 o - the ring of Fiwkun {rPois rF+ rN+ Str+3}
   (You took it off a guardian mummy on level 3 of the Crypt)

   [ring of positive energy]

   Str:       It affects your strength (+3).
   rF:        It protects you from fire.
   rPois:     It protects you from poison.
   rN:        It protects you from negative energy.
 w - the ring of Ceasef (left hand) {rF+ Will+ Int+6}
   (You found it on level 4 of the Realm of Zot)

   [ring of intelligence]

   Int:       It affects your intelligence (+6).
   rF:        It protects you from fire.
   Will:      It increases your willpower.
 K - the ring of the Rose {AC+4 Int+3 Stlth+}
   (You acquired it on level 9 of the Dungeon)

   [ring of protection]

   AC:        It affects your AC (+4).
   Int:       It affects your intelligence (+3).
   Stlth:     It makes you more stealthy.
 P - the ring of Affyenyu (right hand) {EV+5 Str+3 SInv Stlth-}
   (You bought it in a shop on level 1 of the Snake Pit)

   [ring of evasion]

   EV:        It affects your evasion (+5).
   Str:       It affects your strength (+3).
   SInv:      It lets you see invisible.
   Stlth:     It makes you less stealthy.
 R - the ring of Ofuohew {rN+ MP+9 Str+5 Dex+4}
   (You found it on level 5 of the Pits of Slime)

   [ring of magical power]

   Str:       It affects your strength (+5).
   Dex:       It affects your dexterity (+4).
   rN:        It protects you from negative energy.
   MP:        It affects your magic capacity (+9).
 X - the amulet "Saapruoch" (around neck) {RegenMP rElec rN++ rCorr Dex-2}
   (You found it on level 3 of the Snake Pit)

   [amulet of magic regeneration]

   It increases your rate of magic regeneration.
   Dex:       It affects your dexterity (-2).
   rElec:     It insulates you from electricity.
   rN:        It greatly protects you from negative energy.
   rCorr:     It protects you from acid and corrosion.
Wands
 t - a wand of digging (11)
 y - a wand of iceblast (31)
 T - a wand of acid (24)
 V - a wand of mindburst (30)
Scrolls
 e - 4 scrolls of fear
 f - a scroll of butterflies
 n - 4 scrolls of blinking
 s - 14 scrolls of teleportation
 v - 14 scrolls of poison
 F - 2 scrolls of silence
 J - 6 scrolls of immolation
 L - 4 scrolls of enchant armour
 Q - 6 scrolls of magic mapping
 Z - 11 scrolls of fog
Potions
 h - 24 potions of curing
 i - 8 potions of cancellation
 j - 7 potions of magic
 m - 13 potions of lignification
 p - 11 potions of might
 z - 10 potions of brilliance
 A - 8 potions of invisibility
 B - 7 potions of haste
 C - 15 potions of heal wounds
 E - 7 potions of berserk rage
 H - 7 potions of mutation
 O - 7 potions of ambrosia
 W - 4 potions of resistance
Miscellaneous
 c - a phantom mirror
 l - a condenser vane
 q - a tin of tremorstones (2/2)
 D - a box of beasts
 G - a lightning rod (4/4)


   Skills:
 + Level 19.7 Fighting
 + Level 14.2 Maces & Flails
 - Level 4.2 Ranged Weapons
 - Level 2.0 Throwing
 + Level 19.7 Armour
 + Level 4.8 Dodging
 - Level 3.0 Stealth
 - Level 18.0 Shields
 + Level 16.4 Spellcasting
 + Level 26.7 Conjurations
 + Level 6.9 Summonings
 - Level 5.0 Necromancy
 - Level 5.1 Translocations
 - Level 1.0 Transmutations
 - Level 3.0 Air Magic
 O Level 27 Earth Magic
 - Level 7.0 Poison Magic
 - Level 3.0 Evocations


You had 3 spell levels left.
You knew the following spells:

 Your Spells              Type           Power      Damage    Failure   Level
a - Sandblast             Erth           100%       2d20      0%          1
b - Stone Arrow           Conj/Erth      100%       3d13      0%          3
c - Iron Shot             Conj/Erth      75%        9d14      0%          6
d - Lehudib's Crystal Sp  Conj/Erth      75%        10d17     1%          8
e - Iskenderun's Mystic   Conj/Tloc      100%       2d19      1%          4
f - Spellforged Servitor  Conj/Summ      51%        N/A       1%          7
g - Iskenderun's Battles  Conj           100%       2d15      0%          5
h - Lee's Rapid Deconstr  Erth           75%        3d34*     0%          5
i - Passwall              Tmut/Erth      97%        N/A       0%          2
j - Borgnjor's Vile Clut  Necr/Erth      62%        N/A       1%          5
s - Shatter               Erth           75%        3d55*     1%          9

Your spell library contained the following spells:

 Spells                   Type           Power      Damage    Failure   Level
 Chain Lightning          Conj/Air       48%        3d64      77%         9
 Maxwell's Capacitive Co  Air            26%        ∞         100%        8
 Polar Vortex             Ice            15%        N/A       100%        9
 Foxfire                  Conj/Fire      100%       2x1d9     0%          1
 Kiss of Death            Conj/Necr      100%       2d13      0%          1
 Momentum Strike          Conj/Tloc      100%       3d10      0%          2
 Static Discharge         Conj/Air       100%       2-7/arc   0%          2
 Apportation              Tloc           100%       N/A       1%          1
 Beastly Appendage        Tmut           76%        N/A       1%          1
 Freeze                   Ice            100%       1d10      1%          1
 Necrotise                Necr           100%       1d9       1%          1
 Sting                    Tmut/Pois      100%       1d8       1%          1
 Summon Small Mammal      Summ           100%       N/A       1%          1
 Blink                    Tloc           100%       N/A       1%          2
 Lesser Beckoning         Tloc           100%       N/A       1%          2
 Poisonous Vapours        Pois/Air       100%       N/A       1%          2
 Scorch                   Fire           62%        2d8       1%          2
 Frozen Ramparts          Ice            62%        1d10      1%          3
 Hailstorm                Conj/Ice       93%        3d18      1%          3
 Ignite Poison            Fire/Tmut/Pois 51%        N/A       1%          3
 Inner Flame              Hex/Fire       31%        N/A       1%          3
 Kindle Blastsparks       Fire/Tloc/Air  100%       2d18      1%          3
 Mephitic Cloud           Conj/Pois/Air  90%        N/A       1%          3
 Spider Form              Tmut/Pois      57%        N/A       1%          3
 Summon Guardian Golem    Hex/Summ       55%        N/A       1%          3
 Swiftness                Air            52%        N/A       1%          3
 Vampiric Draining        Necr           62%        2d10      1%          3
 Vhi's Electric Charge    Tloc/Air       100%       N/A       1%          3
 Wereblood                Tmut           38%        N/A       2%          2
 Portal Projectile        Hex/Tloc       100%       N/A       2%          3
 Ensorcelled Hibernation  Hex/Ice        62%        N/A       3%          2
 Confusing Touch          Hex            31%        N/A       7%          3
 Tukima's Dance           Hex            31%        N/A       7%          3
 Animate Armour           Summ/Erth      100%       N/A       1%          4
 Fulminant Prism          Conj/Hex       46%        3d20      1%          4
 Leda's Liquefaction      Hex/Erth       58%        N/A       1%          4
 Olgreb's Toxic Radiance  Pois           71%        N/A       1%          4
 Petrify                  Tmut/Erth      100%       N/A       1%          4
 Sticky Flame             Conj/Fire      93%        2d10      1%          4
 Arcjolt                  Conj/Air       48%        1d58      1%          5
 Fireball                 Conj/Fire      46%        3d18      1%          5
 Freezing Cloud           Conj/Ice/Air   41%        6-21      1%          5
 Lightning Bolt           Conj/Air       48%        1d69      1%          5
 Starburst                Conj/Fire      46%        6d13      1%          6
 Animate Dead             Necr           62%        N/A       3%          4
 Dispel Undead            Necr           62%        3d22      3%          4
 Summon Ice Beast         Ice/Summ       55%        N/A       5%          4
 Summon Forest            Summ/Tloc      33%        N/A       5%          5
 Anguish                  Hex/Necr       25%        N/A       9%          4
 Alistair's Intoxication  Tmut/Pois      38%        N/A       13%         5
 Summon Mana Viper        Hex/Summ       55%        N/A       16%         5
 Eringya's Noxious Bog    Tmut/Pois      28%        N/A       17%         6
 Ice Form                 Ice/Tmut       35%        N/A       19%         4
 Summon Cactus Giant      Summ           35%        N/A       22%         6
 Cause Fear               Hex            15%        N/A       24%         4
 Blade Hands              Tmut           19%        N/A       41%         5
 Dispersal                Tloc           31%        N/A       41%         6
 Death Channel            Necr           31%        N/A       43%         6
 Simulacrum               Ice/Necr       25%        N/A       78%         6
 Fire Storm               Conj/Fire      46%        8d12      91%         9
 Ozocubu's Refrigeration  Ice            15%        4d10      99%         7
 Enfeeble                 Hex            15%        N/A       100%        7
 Discord                  Hex            15%        N/A       100%        8
 Ignition                 Fire           15%        3d6       100%        8
 Cigotuvi's Dreadful Rot  Necr/Pois/Air  Unusable   N/A       N/A         2

Dungeon Overview and Level Annotations

Branches:
Dungeon (15/15)            Temple (0/1) D:5            Lair (5/5) D:11
 Shoals (4/4) Lair:2        Snake (4/4) Lair:3        Slime (5/5) Lair:5
    Orc (2/2) D:11            Elf (3/3) Orc:2        Vaults (5/5) D:13
  Crypt (3/3) Vaults:3       Tomb (0/3) Crypt:3      Depths (4/4) D:15
    Zot (5/5) Depths:4      Sewer (visited)          Bailey (visited)
  IceCv (visited)         Volcano (visited)          WizLab (visited)

Altars:
Ashenzari
Gozag
Hepliaklqana
Kikubaaqudgha
Makhleb
Okawaru
Qazlal
Ru
Sif Muna
Trog
Uskayaw
Vehumet
Wu Jian
Xom
Yredelemnul

Shops:
D:4 :   D:7 (*   D:11 [*   D:12 ?   Orc:1 (   Orc:2 ![[:   Elf:2 :[!(:
Shoals:1 *   Snake:1 =   Vaults:3 ((((   Vaults:4 *   Crypt:2 *   Depths:1 ::=
Depths:4 ![

Portals:
Hell: Depths:1 Depths:2 Depths:3 Depths:4
Abyss: Depths:1 Depths:3
Pandemonium: Depths:2
Ziggurat: Depths:3

Annotations:
D:8 4 transporters
Crypt:2 3 runed translucent doors, exclusion: obsidian statue, Weuw's ghost, adept GrFi
Zot:1 2 transporters
Zot:4 2 transporters
Zot:5 1 exclusion


Innate Abilities, Weirdness & Mutations

You are immune to sickness and miasma.
Your stone body is resilient. (AC +20)
You are immune to poison.
Your large and strong wings let you fly.
You resist negative energy. (rN+)
You are resistant to electric shocks. (rElec)
You are resistant to unholy torment.
You are immune to petrification.
You are partially covered in iridescent scales. (AC +2)
You sometimes lose your temper in combat.
Your body sometimes deteriorates upon taking damage.
Your magical capacity is low. (-10% MP)
You are strong-willed. (Will+)
A frigid envelope surrounds you and freezes all who hurt you.
You have hidden genetic potential.
You are vulnerable to heat. (rF-)
Your movements are slightly less encumbered by armour. (ER -2)
You passively dampen the noise of your surroundings.


Message History

You feel your power returning.
A door shatters!
Ka-crash!
Casting: Shatter (dangerous; 1% risk of failure)
Confirm with . or Enter, or press ? or * to list all spells.
You feel a surge of power!
The dungeon rumbles!
The cacodemon is almost dead.
Ka-crash!
The cacodemon gestures next to you.
Some rock shatters into small pieces.
Casting: Shatter (dangerous; 1% risk of failure)
Confirm with . or Enter, or press ? or * to list all spells.
Aiming: Iron Shot (safe; 0% risk of failure)
Press: ? - help, Shift-Dir - straight line, f - cacodemon
Aim: a cacodemon (almost dead, 83% to hit)
You feel a surge of power!
The iron shot hits the cacodemon!!!!
You kill the cacodemon!
Vehumet accepts your kill.
There is a stone staircase leading up here.
You fly upwards.
There is a stone staircase leading down here.
There is a stone staircase leading up here.
You fly upwards.
There is a stone staircase leading down here.
Magic restored.
There is an escape hatch in the ceiling here.
A mysterious force pulls you upwards. The hatch slams shut behind you.
There is a stone staircase leading up here.
You fly upwards.
There is a stone staircase leading down here.
There is a stone staircase leading up here.
You fly upwards.
There is a stone staircase leading down here.
There is a stone staircase leading down here.
Casting: Iron Shot (safe; 0% risk of failure)
Confirm with . or Enter, or press ? or * to list all spells.
You feel a surge of power!
The dungeon rumbles!
Ka-crash!
There is a staircase leading out of the dungeon here.
You have escaped!

##########.##########
#..#.............#..#
#.#...............#.#
##.......#.#.......########
#......#.#.#.#......#......
#.....##.#.#.##.....#######
#.......⌠#.#⌠.......###....
###..#######.#######..#...###
#...........@...........###
#.#..#######.###.###..###.#
#.#.......⌠#.#⌠.......# .#
#.#.....##.#.#.##.....# #.
#.#......#.#.#.#......##.##
#.##.......#.#.......##...#
##.#.#.................#.#.# #
#..#..#.............#....#.#.#
#..##########.########........


There were no monsters in sight!

Vanquished Creatures
  the Royal Jelly (Slime:5)
  6 dread liches
  2 ancient liches
  7 orbs of fire
  Mennas (Depths:4)
  Sojobo (Crypt:2)
  A royal mummy (Crypt:3)
  6 Killer Klowns (Zot:5)
  Xtahua (Depths:4)
  4 curse toes
  Vashnia (Snake:4)
  10 golden dragons
  Nikola (Snake:1)
  A bone dragon (Depths:4)
  3 doom hounds (Zot:2)
  5 electric golems
  17 tentacled monstrosities
  An Ice Fiend (D:8)
  Cloud Mage (WizLab)
  27 Orb Guardians
  4 deep elf blademasters
  Grunn (Zot:2)
  3 titans (Vaults:5)
  3 liches
  A walking earthen tome (Depths:4)
  4 quicksilver dragons
  2 deep elf master archers (Elf:3)
  2 ancient champions
  28 acid blobs
  6 sphinxes
  2 krakens (Shoals:2)
  A thorn hunter (Snake:2)
  6 death cobs
  Kirke (Lair:5)
  14 azure jellies
  11 storm dragons
  6 tengu reavers
  9 rockslimes
  7 shadow dragons
  4 nagarajas (Snake:4)
  7 draconian knights
  2 revenants
  7 draconian monks
  6 draconian scorchers
  The ghost of Carotun the Warrior, a journeyman FoFi of Okawaru (D:15)
  12 fire giants
  Aizul (Snake:4)
  11 deep elf sorcerers
  23 vault wardens
  3 ghost moths
  3 spectral caustic shrikes (Depths:2)
  A curse skull (Crypt:2)
  13 draconian annihilators
  Louise (D:15)
  18 very ugly things
  2 draconian shifters
  9 frost giants
  8 deep elf elementalists
  An orc warlord (Vaults:2)
  4 cacodemons
  5 war gargoyles
  8 draconian stormcallers
  2 spriggan defenders (Depths:3)
  14 ghouls
  2 reapers
  19 ironbound preservers
  20 stone giants
  15 quicksilver oozes
  8 ironbound thunderhulks
  A juggernaut skeleton (Crypt:1)
  8 deep elf demonologists
  12 vampire knights
  10 deep elf annihilators
  22 black draconians
  12 dire elephants
  A minotaur (Shoals:4)
  9 white draconians
  Azrael (Snake:1)
  13 green draconians
  3 yellow draconians
  4 red draconians
  10 purple draconians
  6 deep elf death magi
  Snorg (Orc:1)
  8 spark wasps
  A merfolk javelineer (Depths:4)
  5 ettins
  A green death (Zot:5)
  An acid blob zombie (Crypt:1)
  Josephine (Shoals:1)
  3 blizzard demons (WizLab)
  7 fire dragons
  9 jiangshi
  6 mummy priests (Crypt:3)
  2 merfolk impalers
  7 deep elf high priests
  14 great orbs of eyes
  11 yaktaur captains
  4 spriggan air magi
  31 vault guards
  4 entropy weavers
  A hell beast (Zot:3)
  9 hydras
  2 rakshasas
  2 spriggan skeletons
  12 ironbound frosthearts
  3 salamander tyrants
  7 ice dragons
  A death knight (D:15)
  10 centaur warriors
  2 ogre magi
  2 peacekeepers
  9 anacondas
  7 ghost crabs (WizLab)
  A two-headed ogre (shapeshifter) (Vaults:5)
  An alligator snapping turtle (Shoals:4)
  An Orb Guardian zombie (Crypt:3)
  4 boulder beetles
  2 merfolk avatars
  3 alligators
  7 merfolk aquamancers
  9 two-headed ogres
  25 dancing weapons
  12 satyrs
  3 deep troll shamans
  17 naga warriors
  5 orc high priests
  7 tengu warriors
  A titan zombie (Crypt:1)
  A spectral dire elephant (Lair:5)
  A bennu skeleton (Crypt:2)
  10 death yaks
  5 spriggan berserkers
  4 deep troll earth magi
  25 naga sharpshooters
  5 vampire magi
  11 shock serpents
  A hell knight (Depths:4)
  6 spriggans
  Sonja (Lair:5)
  Amaemon (Lair:1)
  A spectral death yak (Lair:5)
  3 soul eaters
  2 iron trolls
  24 skeletal warriors
  21 deep elf knights
  12 salamander mystics
  2 titan skeletons
  5 death drakes
  A goliath frog (Snake:3)
  9 sea snakes
  7 skysharks
  3 sixfirhies (Zot:2)
  A bunyip zombie (Crypt:1)
  47 deep trolls
  3 glowing orange brains
  A sea snake (shapeshifter) (Vaults:3)
  7 naga ritualists
  2 bunyip skeletons (Crypt:2)
  An obsidian statue (Lair:5)
  A spectral anaconda (Lair:5)
  14 deep elf archers
  4 flayed ghosts
  A steelbarb worm (shapeshifter) (Vaults:5)
  3 bog bodies
  An anaconda zombie (Crypt:1)
  13 lindwurms
  An iron giant zombie (Crypt:1)
  7 swamp dragons
  8 orc knights
  An orange crystal statue (Zot:5)
  8 wizards
  23 ironbound convokers
  A golden dragon skeleton (Depths:2)
  31 harpies
  6 phantasmal warriors
  9 necromancers
  33 deep elf pyromancers
  A broodmother zombie (Crypt:1)
  19 fauns
  14 mana vipers
  3 orc sorcerers (Orc:2)
  38 deep elf zephyrmancers
  4 oklob plants
  32 ugly things
  7 shining eyes
  A shadow dragon skeleton (Crypt:2)
  4 cyclopes
  24 manticores
  An iron dragon skeleton (Crypt:2)
  A moth of wrath (shapeshifter) (Vaults:5)
  23 salamanders
  A toenail golem (Depths:3)
  18 elephants
  17 naga magi
  A dire elephant zombie (Crypt:2)
  A centaur zombie (Crypt:1)
  20 moths of wrath
  An ice statue (IceCv)
  15 vault sentinels
  39 black mambas
  3 guardian serpents
  A naga zombie (Crypt:2)
  2 molten gargoyles (Volcano)
  3 apocalypse crabs (WizLab)
  2 water nymphs (shapeshifter)
  A centaur skeleton (Crypt:2)
  2 orange demons
  A dire elephant skeleton (Lair:5)
  7 merfolk sirens
  3 water nymphs
  4 gargoyles
  Maggie (D:8)
  6 eyes of devastation
  6 efreet
  A kobold demonologist (Bailey)
  3 torpor snails
  43 yaktaurs
  6 cane toads
  A komodo dragon (shapeshifter) (Vaults:4)
  A minotaur skeleton (Crypt:2)
  4 rime drakes (Lair:4)
  5 tengu conjurers
  An iron giant simulacrum (Crypt:2)
  An ice devil (IceCv)
  6 komodo dragons
  A death drake zombie (Crypt:2)
  A catoblepas skeleton (Crypt:2)
  2 anaconda simulacra (IceCv)
  28 guardian mummies (Crypt:3)
  9 polar bears
  A queen bee (shapeshifter) (Depths:2)
  8 trolls
  A harpy zombie (Crypt:2)
  6 wind drakes
  6 hornets
  18 blink frogs
  28 merfolk
  A tyrant leech (Snake:3)
  A blink frog (shapeshifter) (Elf:1)
  A death drake skeleton (Crypt:3)
  2 spectral elephants (Lair:5)
  2 harpy skeletons
  2 raiju (Zot:2)
  9 snapping turtles
  A tarantella (Vaults:1)
  A dream sheep (shapeshifter) (Depths:3)
  163 slime creatures
  13 dream sheep
  9 flying skulls (Crypt:3)
  17 air elementals
  A jumping spider (shapeshifter) (Vaults:5)
  5 wyverns
  An ettin skeleton (Crypt:1)
  9 wraiths
  A vampire (D:11)
  A ynoxinul (Depths:2)
  6 fire elementals
  4 dire elephant simulacra
  2 shadows
  41 water elementals
  A human (shapeshifter) (D:13)
  A yak (shapeshifter) (Vaults:1)
  4 fire bats (Depths:4)
  3 basilisks
  60 yaks
  9 ushabtiu (Crypt:3)
  7 golden eyes
  6 hogs (Lair:5)
  A chaos spawn (Depths:4)
  An unseen horror simulacrum (D:10)
  2 redbacks
  2 vampire mosquitoes (D:12)
  2 death yak simulacra
  2 steam dragons (D:8)
  A warg (shapeshifter) (D:15)
  Menkaure (D:5)
  3 wargs
  A harpy simulacrum (IceCv)
  Edmund (D:5)
  A glowing shapeshifter zombie (Depths:2)
  6 swamp worms
  A water nymph zombie (Crypt:3)
  64 nagas
  3 acid dragons
  A hydra simulacrum (IceCv)
  11 water moccasins
  The ghost of Hubris850 the Shooter, an amateur SpHs (D:7)
  3 hell hounds
  A swamp drake (shapeshifter) (D:11)
  A meliai simulacrum (D:15)
  38 orc warriors
  An elephant zombie (Lair:5)
  A black bear (Lair:3)
  A blink frog zombie (Crypt:3)
  An ettin simulacrum (Crypt:2)
  12 boggarts
  A boggart (shapeshifter) (Depths:3)
  9 wolves
  9 ogres
  11 centaurs
  6 elephant skeletons
  16 kobold brigands
  A vine stalker zombie (Crypt:1)
  11 bullfrogs
  2 rime drake skeletons
  A scorpion (D:4)
  8 earth elementals
  4 cane toad simulacra (Lair:5)
  4 necrophages
  3 two-headed ogre simulacra (IceCv)
  6 wights
  A wyvern skeleton (D:6)
  4 elephant simulacra
  A queen bee zombie (Crypt:2)
  14 killer bees
  10 electric eels
  A jelly (D:6)
  20 orc priests
  2 bullfrog zombies (D:6)
  2 gnoll boudas
  A bullfrog skeleton (D:6)
  2 hounds
  A boggart zombie (Crypt:2)
  5 iguanas
  18 orc wizards
  A polar bear simulacrum (IceCv)
  5 troll simulacra (IceCv)
  5 lightning spires (Zot:2)
  7 spriggan simulacra (IceCv)
  2 killer bee zombies
  2 wolf simulacra (IceCv)
  6 centaur simulacra
  15 mummies (Crypt:3)
  18 gnolls
  5 naga simulacra (IceCv)
  7 adders
  11 river rats (Sewer)
  A shadow imp (D:5)
  9 white imps
  9 ufetubi
  3 worms
  A dart slug (D:4)
  82 orcs
  A bat zombie (Crypt:2)
  8 endoplasms
  4 giant cockroaches
  13 goblins
  12 hobgoblins
  5 quokkas
  14 ball pythons
  A ball python zombie (Crypt:1)
  7 bats
  A dart slug zombie (Crypt:2)
  4 frilled lizards
  41 kobolds
  An orc skeleton (Crypt:3)
  27 rats
  2 ball lightnings (Zot:2)
  2 briar patches (Snake:3)
  5 fire vortices (Volcano)
2786 creatures vanquished.

Vanquished Creatures (collateral kills)
  A Killer Klown (Zot:5)
  A curse toe (Zot:4)
  A tentacled monstrosity (Zot:4)
  A shadow dragon (Zot:4)
  A draconian monk (Zot:4)
  A draconian knight (Zot:4)
  A red draconian (Zot:3)
  A purple draconian (Zot:4)
  2 moths of wrath
  A slime creature (Vaults:2)
11 creatures vanquished.

Vanquished Creatures (others)
  A draconian monk (Zot:2)
  2 black draconians (Zot:2)
  2 deep elf knights
  A sixfirhy (Zot:2)
  A manticore (Shoals:4)
  A moth of wrath (Zot:2)
  An air elemental (Elf:1)
  A human (Lair:5)
  3 ball lightnings (Zot:2)
  2 briar patches (Snake:3)
  63 fungi
  111 plants
  8 tentacles (Shoals:2)
  24 withered plants
221 creatures vanquished.

Grand Total: 3018 creatures vanquished

Notes
Turn   | Place    | Note
-------+----------+-------------------------------------------
     0 | D:1      | Lobster4 the Gargoyle Earth Elementalist began the quest
                  | for the Orb.
     0 | D:1      | Reached XP level 1. HP: 10/10 MP: 3/3
   173 | D:1      | Reached XP level 2. HP: 15/15 MP: 1/5
   246 | D:1      | Reached skill level 1 in Transmutations
   934 | D:2      | Reached XP level 3. HP: 20/20 MP: 1/6
  1352 | D:3      | Reached skill level 1 in Armour
  1503 | D:3      | Learned a level 3 spell: Stone Arrow
  1556 | D:3      | Found a hide-covered altar of Uskayaw.
  1561 | D:3      | Reached skill level 1 in Fighting
  1788 | D:3      | Reached skill level 4 in Earth Magic
  1969 | D:4      | Found a radiant altar of Vehumet.
  1975 | D:4      | Reached XP level 4. HP: 25/25 MP: 4/7
  2156 | D:4      | Became a worshipper of Vehumet
  2218 | D:4      | Found a shimmering altar of Xom.
  2223 | D:4      | Found a basalt altar of Yredelemnul.
  2224 | D:4      | Found an iron altar of Okawaru.
  2224 | D:4      | Found a sacrificial altar of Ru.
  2225 | D:4      | Found a burning altar of Makhleb.
  2227 | D:4      | Found a stormy altar of Qazlal.
  2459 | D:4      | Found a hazy altar of Hepliaklqana.
  2995 | D:4      | Reached XP level 5. HP: 29/29 MP: 6/8
  3033 | D:4      | Reached skill level 1 in Maces & Flails
  3033 | D:4      | Reached skill level 1 in Throwing
  3033 | D:4      | Reached skill level 1 in Conjurations
  3063 | D:4      | Reached skill level 1 in Ranged Weapons
  3160 | D:4      | Found Uprefahi's Tremendous Tomes.
  3230 | D:4      | Reached XP level 6. HP: 35/35 MP: 7/10
  3335 | D:5      | Entered Level 5 of the Dungeon
  3434 | D:5      | Noticed Edmund
  3434 | D:5      | Noticed a water moccasin
  3779 | D:5      | Reached * piety under Vehumet
  3779 | D:5      | Offered knowledge of Foxfire by Vehumet.
  3839 | D:5      | Found a staircase to the Ecumenical Temple.
  3907 | D:5      | Found a glowing drain.
  3938 | Sewer    | Entered a sewer
  4015 | Sewer    | Reached XP level 7. HP: 37/40 MP: 4/11
  4433 | Sewer    | Reached ** piety under Vehumet
  4433 | Sewer    | Offered knowledge of Static Discharge by Vehumet.
  5144 | D:6      | Reached skill level 5 in Earth Magic
  5552 | D:6      | Offered knowledge of Momentum Strike by Vehumet.
  5553 | D:6      | Reached XP level 8. HP: 46/46 MP: 10/13
  5673 | D:6      | Reached skill level 1 in Evocations
  5911 | D:7      | Found Fumo's Weapon Shoppe.
  5967 | D:7      | Reached *** piety under Vehumet
  6073 | D:7      | Found a runed translucent gate.
  6073 | D:7      | Found a runed translucent gate.
  6076 | D:7      | Found a flagged portal.
  6084 | D:7      | Found a runed translucent gate.
  6086 | D:7      | Noticed Hubris850's ghost (amateur SpHs)
  6096 | Bailey   | Entered a bailey
  6278 | Bailey   | Offered knowledge of Olgreb's Toxic Radiance by Vehumet.
  6382 | Bailey   | Learned a level 2 spell: Poisonous Vapours
  6414 | Bailey   | Reached skill level 6 in Earth Magic
  6414 | Bailey   | Reached XP level 9. HP: 49/52 MP: 4/15
  6560 | Bailey   | Reached skill level 1 in Poison Magic
  6757 | Bailey   | Reached skill level 1 in Air Magic
  6778 | Bailey   | Noticed an orc high priest
  6781 | Bailey   | Noticed an orange demon
  6783 | Bailey   | Noticed a sun demon
  6784 | Bailey   | Noticed a sun demon
  6784 | Bailey   | Killed an orc high priest
  6785 | Bailey   | Reached skill level 5 in Armour
  6954 | Bailey   | Reached **** piety under Vehumet
  7094 | Bailey   | Reached skill level 5 in Fighting
  7219 | Bailey   | Found an iron altar of Okawaru.
  7220 | Bailey   | Noticed a kobold demonologist
  7314 | Bailey   | Killed a kobold demonologist
  7314 | Bailey   | Offered knowledge of Fulminant Prism by Vehumet.
  7315 | Bailey   | Reached skill level 5 in Spellcasting
  7315 | Bailey   | Reached skill level 5 in Conjurations
  7315 | Bailey   | Reached skill level 7 in Earth Magic
  7315 | Bailey   | Reached XP level 10. HP: 59/59 MP: 9/17
  7402 | Bailey   | Got the Directory of Curses
  7495 | Bailey   | Acquired the +3 pair of seven-league boots {Rampage+∞}
  7495 | Bailey   | Found the +3 pair of seven-league boots {Rampage+∞}
  7944 | D:7      | Found Hiquixosk's Neck Hole.
  8759 | D:8      | Found a broken altar of Ashenzari.
  9256 | D:8      | Noticed Maggie
  9256 | D:8      | Noticed a two-headed ogre
  9497 | D:9      | Reached ***** piety under Vehumet
  9507 | D:9      | Offered knowledge of Iskenderun's Mystic Blast by Vehumet.
  9588 | D:9      | Learned a level 4 spell: Iskenderun's Mystic Blast
  9652 | D:9      | Acquired the ring of the Rose {AC+4 Int+3 Stlth+}
  9656 | D:9      | Noticed a two-headed ogre
  9665 | D:9      | Killed a two-headed ogre
  9666 | D:9      | Reached skill level 1 in Translocations
  9789 | D:9      | Found a bloodstained altar of Trog.
 10406 | D:8      | Reached XP level 11. HP: 64/64 MP: 16/19
 10515 | D:8      | Killed a two-headed ogre
 10516 | D:8      | Reached skill level 5 in Maces & Flails
 10516 | D:8      | Reached skill level 8 in Earth Magic
 10780 | D:8      | Found a transporter.
 10849 | D:8      | Found a transporter.
 10867 | D:8      | Killed Maggie
 10930 | D:8      | Found a transporter.
 10970 | D:8      | Found a transporter.
 11057 | D:8      | Found an ornate altar of the Wu Jian Council.
 11353 | D:5      | Killed Edmund
 11372 | D:5      | Noticed Menkaure
 11374 | D:5      | Killed Menkaure
 11591 | D:10     | Entered Level 10 of the Dungeon
 12596 | D:10     | Reached skill level 5 in Poison Magic
 13153 | D:7      | Bought a scarf of resistance for 352 gold pieces
 13250 | D:11     | Noticed a purple ugly thing
 13255 | D:11     | Killed a purple ugly thing
 13261 | D:11     | Reached skill level 9 in Earth Magic
 13276 | D:11     | Noticed a brown ugly thing
 13515 | D:11     | Found a frozen archway.
 13523 | IceCv    | Entered an ice cave
 14092 | IceCv    | Offered knowledge of Irradiate by Vehumet.
 14354 | IceCv    | Reached skill level 1 in Shields
 14354 | IceCv    | Reached XP level 12. HP: 15/72 MP: 11/22
 14851 | IceCv    | Identified the +3 scale mail "Wesmoaj" {rElec Will++ rCorr
                  | Dex-5}
 14936 | IceCv    | Noticed a reaper
 14950 | IceCv    | Killed a reaper
 15503 | D:11     | Noticed a tengu warrior
 15591 | D:11     | Found Dimof's General Store.
 15600 | D:11     | Bought a potion of degeneration for 12 gold pieces
 15840 | D:11     | Found a staircase to the Orcish Mines.
 15888 | D:11     | Found Joraasur's Armour Emporium.
 15913 | D:11     | Noticed a two-headed ogre
 15921 | D:11     | Killed a two-headed ogre
 16098 | D:11     | Found a staircase to the Lair.
 16422 | D:11     | Killed a tengu warrior
 16760 | Lair:1   | Entered Level 1 of the Lair of Beasts
 16965 | Lair:1   | Offered knowledge of Starburst by Vehumet.
 17058 | Lair:1   | Reached skill level 10 in Earth Magic
 17216 | Lair:1   | Noticed a death yak
 17283 | Lair:1   | Noticed a death yak
 17283 | Lair:1   | Noticed a death yak
 17283 | Lair:1   | Noticed a death yak
 17365 | Lair:1   | Killed a death yak
 17366 | Lair:1   | Reached XP level 13. HP: 68/79 MP: 14/24
 17626 | Lair:1   | Noticed Amaemon
 17656 | Lair:1   | Identified the +4 glaive "Giry" {flame, rF+}
 17789 | Lair:1   | Reached skill level 5 in Translocations
 17789 | Lair:1   | Gained mutation: Your large and strong wings let you fly.
                  | [Gargoyle growth]
 17789 | Lair:1   | Reached XP level 14. HP: 84/84 MP: 24/26
 18131 | Lair:1   | Reached skill level 5 in Shields
 19007 | Lair:2   | Reached skill level 11 in Earth Magic
 19250 | Lair:2   | Found a radiant altar of Vehumet.
 19450 | Lair:2   | Found a staircase to the Shoals.
 19823 | Lair:3   | Offered knowledge of Iskenderun's Battlesphere by Vehumet.
 19831 | Lair:3   | Learned a level 5 spell: Iskenderun's Battlesphere
 20765 | Lair:3   | Found a staircase to the Snake Pit.
 21270 | Lair:4   | Reached skill level 10 in Armour
 21527 | Lair:4   | Found a dark tunnel.
 21536 | Volcano  | Entered a volcano
 21542 | Volcano  | Reached skill level 10 in Fighting
 22573 | Lair:4   | Reached skill level 10 in Conjurations
 22667 | Lair:4   | Reached XP level 15. HP: 92/92 MP: 28/28
 22974 | Lair:5   | Entered Level 5 of the Lair of Beasts
 23113 | D:11     | Bought a +0 helmet of intelligence for 195 gold pieces
 23321 | Lair:5   | Found a staircase to the Slime Pits.
 23609 | Lair:5   | Got the Codex of Execration and the Excursion
 24158 | Lair:4   | Offered knowledge of Lightning Bolt by Vehumet.
 24159 | Lair:4   | Reached skill level 12 in Earth Magic
 24281 | Lair:5   | Noticed Sonja
 24291 | Lair:5   | Killed Sonja
 26757 | Lair:5   | Noticed Kirke
 26763 | Lair:5   | Killed Kirke
 27918 | Orc:1    | Entered Level 1 of the Orcish Mines
 28454 | Orc:2    | Entered Level 2 of the Orcish Mines
 28848 | Orc:2    | Found a staircase to the Elven Halls.
 29280 | Orc:1    | Found Zeangimp's Antique Weapon Shop.
 29578 | Orc:1    | Offered knowledge of Conjure Ball Lightning by Vehumet.
 30263 | Orc:2    | Reached XP level 16. HP: 100/100 MP: 15/29
 30730 | Orc:2    | Noticed Snorg
 30819 | Orc:1    | Killed Snorg
 31132 | Orc:2    | Paralysed by an orc sorcerer for 5 turns
 31358 | Orc:2    | Found Jegent's Distillery.
 31358 | Orc:2    | Found Hyahouf's Book Shoppe.
 31360 | Orc:2    | Found Toiny's Armour Shop.
 31360 | Orc:2    | Found Derapn's Armour Shoppe.
 31579 | D:4      | Bought the Guide on Burning and the Volcano for 1300 gold
                  | pieces
 31586 | D:4      | Learned a level 6 spell: Iron Shot
 31592 | D:4      | Learned a level 5 spell: Lee's Rapid Deconstruction
 31771 | Elf:1    | Entered Level 1 of the Elven Halls
 31778 | Elf:1    | Reached skill level 13 in Earth Magic
 31779 | Elf:1    | Reached skill level 10 in Spellcasting
 33590 | Elf:1    | Found a huge runed translucent gate.
 33590 | Elf:1    | Found a huge runed translucent gate.
 33590 | Elf:1    | Found a huge runed translucent gate.
 33590 | Elf:1    | Found a huge runed translucent gate.
 33590 | Elf:1    | Found a huge runed translucent gate.
 33590 | Elf:1    | Found a huge runed translucent gate.
 33590 | Elf:1    | Found a huge runed translucent gate.
 33591 | Elf:1    | Found a huge runed translucent gate.
 33766 | Elf:1    | Identified the +2 double sword of Paper {flame, rPois rC+}
 33766 | Elf:1    | Noticed a deep elf blademaster
 33876 | Elf:1    | Noticed a deep elf blademaster
 33899 | Elf:2    | Paralysed by an air elemental for 1 turns
 34267 | D:12     | Found Omusiom's Magic Scroll Shoppe.
 34302 | D:12     | Bought a scroll of fear for 64 gold pieces
 34845 | D:12     | Offered knowledge of Ozocubu's Refrigeration by Vehumet.
 36845 | D:13     | Reached XP level 17. HP: 108/108 MP: 12/31
 37108 | D:13     | Found a gate to the Vaults.
 37117 | D:13     | Reached skill level 14 in Earth Magic
 37132 | D:13     | Reached skill level 10 in Shields
 38029 | D:14     | Identified the +11 quarterstaff "Xoydexzo" {drain, rN+}
 38590 | D:15     | Entered Level 15 of the Dungeon
 38947 | D:15     | Noticed Louise
 39188 | D:15     | Killed Louise
 40446 | D:15     | Found a staircase to the Depths.
 40772 | D:15     | Found a runed translucent door.
 40776 | D:15     | Identified the +2 spear "Zifiohel" {protect, Str+5}
 40780 | D:15     | Noticed Carotun's ghost (journeyman FoFi)
 40993 | Snake:1  | Entered Level 1 of the Snake Pit
 40994 | Snake:1  | Found Purapp's One-of-a-Kind Rings.
 41303 | Snake:1  | Noticed Azrael
 41417 | Snake:1  | Killed Azrael
 41417 | Snake:1  | Reached ****** piety under Vehumet
 42049 | Snake:1  | Offered knowledge of Chain Lightning by Vehumet.
 42049 | Snake:1  | Offered knowledge of Polar Vortex by Vehumet.
 42049 | Snake:1  | Offered knowledge of Maxwell's Capacitive Coupling by
                  | Vehumet.
 43770 | Snake:1  | Reached skill level 15 in Earth Magic
 43921 | Snake:1  | Noticed Nikola
 43927 | Snake:1  | Killed Nikola
 44179 | Snake:1  | Reached XP level 18. HP: 115/115 MP: 4/32
 44420 | Snake:1  | You are sucked into a shaft and drop 1 floor!
 45530 | Snake:2  | Found a burning altar of Makhleb.
 45615 | Snake:2  | Reached skill level 10 in Maces & Flails
 45975 | Snake:2  | Identified the +2 shortbow of Walaagim {heavy, Will+}
 47596 | Snake:2  | Identified the +3 whip of the Lost Planets {heavy, Drain
                  | Str+3 Int+3 Dex+3}
 47922 | Snake:3  | Noticed a tentacled monstrosity
 48844 | Snake:3  | Killed a tentacled monstrosity
 48883 | Snake:3  | Noticed a tentacled monstrosity
 49003 | Snake:3  | Killed a tentacled monstrosity
 49302 | Snake:3  | Identified the amulet "Saapruoch" {RegenMP rElec rN++ rCorr
                  | Dex-2}
 49485 | Snake:3  | Learned a level 5 spell: Borgnjor's Vile Clutch
 50159 | Snake:4  | Entered Level 4 of the Snake Pit
 50366 | Snake:4  | Reached skill level 1 in Necromancy
 50598 | Snake:4  | Reached skill level 16 in Earth Magic
 50740 | Snake:4  | Noticed Vashnia
 51114 | Snake:4  | Reached XP level 19. HP: 122/122 MP: 24/33
 51260 | Snake:4  | Killed Vashnia
 51437 | Snake:4  | Noticed Aizul
 51442 | Snake:4  | Killed Aizul
 54105 | Snake:4  | Got a serpentine rune of Zot
 54244 | Snake:4  | Upgraded the game from 0.30-a0-777-ga9a30cbeda to
                  | 0.30-a0-778-g2ef04afb54
 54406 | Shoals:1 | Entered Level 1 of the Shoals
 54923 | Shoals:1 | Found Saroesh's Assorted Antiques.
 55077 | Shoals:1 | Noticed Josephine
 55088 | Shoals:1 | Killed Josephine
 56316 | Shoals:2 | Reached skill level 15 in Armour
 56419 | Shoals:2 | Reached skill level 15 in Fighting
 56506 | Shoals:1 | Bought a scroll of immolation for 136 gold pieces
 56506 | Shoals:1 | Bought a scroll of fear for 136 gold pieces
 57895 | Shoals:2 | Reached skill level 15 in Conjurations
 58197 | Shoals:3 | Reached XP level 20. HP: 115/129 MP: 8/34
 59831 | Shoals:3 | Reached skill level 17 in Earth Magic
 60126 | Shoals:4 | Entered Level 4 of the Shoals
 61505 | Shoals:4 | Identified the +5 leather armour of Pandemonium {rPois rC+
                  | Str+3}
 61609 | Shoals:4 | Identified the +2 pair of gloves "Muudaf" {Dex+2}
 61615 | Shoals:4 | Got a barnacled rune of Zot
 62634 | Lair:1   | Killed Amaemon
 62878 | D:7      | Killed Hubris850's ghost
 63222 | Elf:2    | Paralysed by an air elemental for 1 turns
 63228 | Elf:1    | Reached skill level 5 in Necromancy
 63391 | Elf:2    | Paralysed by an air elemental for 1 turns
 63396 | Elf:1    | Paralysed by an air elemental for 1 turns
 63704 | Elf:2    | Paralysed by an air elemental for 1 turns
 64092 | Elf:2    | Acquired a staff of earth
 64097 | Elf:2    | Found Luepet's Armour Boutique.
 64203 | Elf:2    | Paralysed by an air elemental for 1 turns
 64500 | Elf:2    | Found Laorchei's Distillery.
 64527 | Elf:2    | Bought a potion of magic for 152 gold pieces
 64527 | Elf:2    | Bought a potion of heal wounds for 95 gold pieces
 64527 | Elf:2    | Bought a potion of heal wounds for 95 gold pieces
 64575 | Elf:2    | Found Byjaode's Book Boutique.
 64586 | Elf:2    | Learned a level 2 spell: Passwall
 64681 | Elf:2    | Paralysed by an air elemental for 1 turns
 64774 | Elf:2    | Found a runed translucent gate.
 64936 | Elf:2    | Found Hantait's Weapon Boutique.
 64947 | Elf:2    | Found Uloobb's Book Boutique.
 65044 | Orc:2    | Bought a book of Armaments for 468 gold pieces
 65264 | Elf:2    | Found a runed translucent gate.
 65271 | Elf:2    | Found a runed translucent gate.
 65728 | Elf:2    | Reached XP level 21. HP: 136/136 MP: 21/35
 66748 | Elf:3    | Entered Level 3 of the Elven Halls
 68232 | Elf:3    | Identified the +8 battleaxe of Equivalence {flame, +Blink}
 68548 | Elf:2    | Reached skill level 18 in Earth Magic
 68969 | Elf:3    | Identified the +8 hand axe of Varigiel {freeze, Str-4 Int+2
                  | Stlth+}
 68969 | Elf:3    | Identified the ring "Soariek" {Fire Int+6}
 69630 | Elf:3    | Identified the +4 dire flail of Onit {venom, rCorr Int+2
                  | Dex-3}
 70069 | Elf:3    | Identified the +5 hand axe "Concordance" {holy, rN+ Str+3}
 70410 | Elf:3    | Identified the +11 hand axe "Orb Guardian's Curse" {elec,
                  | Fly rN+}
 70455 | Elf:3    | Got the Incunable of Evil
 70656 | Vaults:1 | Entered Level 1 of the Vaults
 70662 | Vaults:1 | Reached skill level 15 in Shields
 71376 | Vaults:1 | Identified the +5 rapier "Osouj" {heavy, rN+ rCorr}
 71392 | Vaults:1 | Identified the +9 flail of the Forging Gods {antimagic,
                  | rElec rPois rF- SInv}
 72210 | Vaults:1 | Reached XP level 22. HP: 122/144 MP: 19/37
 73952 | Vaults:2 | Reached skill level 19 in Earth Magic
 77399 | Vaults:2 | Reached skill level 20 in Earth Magic
 77908 | Vaults:2 | Reached XP level 23. HP: 149/149 MP: 4/40
 78380 | Vaults:3 | Found the +3 Mad Mage's Maulers {Infuse+∞ VampMP -Cast}
 78631 | Vaults:3 | Found Goryzam's Weapon Emporium.
 79154 | Vaults:3 | Found a staircase to the Crypt.
 79154 | Vaults:3 | Found a basalt altar of Yredelemnul.
 79155 | Vaults:3 | Found an ancient bone altar of Kikubaaqudgha.
 79388 | Vaults:3 | Found Kisiro's Antique Weapon Boutique.
 79389 | Vaults:3 | Found Vynu Ant's Weapon Shop.
 79402 | Vaults:3 | Bought a bloodstained spear for 336 gold pieces
 79402 | Vaults:3 | Identified the +7 spear "Wokuvve" {drain, Str+4} (You
                  | bought it in a shop on level 3 of the Vaults)
 79402 | Vaults:3 | Bought a brightly glowing quick blade for 840 gold pieces
 79402 | Vaults:3 | Identified the +7 quick blade "Hyvoilun" {vamp, rF- rC+
                  | Will+ Int+3} (You bought it in a shop on level 3 of the
                  | Vaults)
 79765 | Vaults:3 | Found Jeuhogih's Antique Weapon Boutique.
 80199 | Vaults:4 | Acquired 1240 gold pieces
 80201 | Vaults:4 | Acquired 1139 gold pieces
 80213 | Vaults:4 | Found Voalexo's Assorted Antiques.
 80349 | Vaults:4 | Found a magical portal.
 80358 | WizLab   | Entered The Chambers of the Cloud Mage
 80380 | WizLab   | Paralysed by an air elemental for 1 turns
 80564 | WizLab   | Paralysed by an air elemental for 1 turns
 81548 | WizLab   | Identified the ring of the Duke {Fly Stlth+}
 81666 | WizLab   | Noticed Qehozxex
 81742 | WizLab   | Killed Qehozxex the Cloud Mage
 81792 | WizLab   | Got the Verses on Exhalation
 81794 | WizLab   | Identified the +9 chain mail "Susierena" {rC- Str+8}
 82164 | Vaults:4 | Reached skill level 21 in Earth Magic
 82722 | Vaults:4 | Learned a level 8 spell: Lehudib's Crystal Spear
 83359 | Vaults:4 | Identified the +6 shortbow of Eshruumm {heavy, MP+9}
 84255 | Crypt:1  | Entered Level 1 of the Crypt
 84549 | Snake:1  | Bought the ring of Affyenyu {EV+5 Str+3 SInv Stlth-} for
                  | 833 gold pieces
 85318 | Crypt:1  | Reached skill level 22 in Earth Magic
 85441 | Crypt:1  | Reached XP level 24. HP: 151/156 MP: 12/41
 86130 | Crypt:2  | Noticed Sojobo
 86355 | Crypt:2  | Killed Sojobo
 87275 | Crypt:2  | Found a runed translucent gate.
 87275 | Crypt:2  | Found a runed translucent gate.
 87275 | Crypt:2  | Found an opulent altar of Gozag.
 87276 | Crypt:2  | Found a runed translucent gate.
 87277 | Crypt:2  | Found Gimoruet's Assorted Antiques.
 87277 | Crypt:2  | Noticed Weuw's ghost (adept GrFi)
 87835 | Crypt:3  | Entered Level 3 of the Crypt
 87882 | Crypt:3  | Reached skill level 23 in Earth Magic
 88667 | Crypt:3  | Found a staircase to the Tomb.
 88889 | Crypt:3  | Identified the ring of Fiwkun {rPois rF+ rN+ Str+3}
 89031 | Crypt:3  | Noticed a royal mummy
 89034 | Crypt:3  | Killed a royal mummy
 89115 | Crypt:3  | Identified the ring of Skepticism {rF+ rN+}
 89195 | Crypt:3  | Found a basalt altar of Yredelemnul.
 89568 | Crypt:3  | Reached skill level 24 in Earth Magic
 90076 | Crypt:3  | Identified the ring of Laikkor {rElec rF- rN+ Str+2 Dex+3}
 90099 | Crypt:3  | Learned a level 9 spell: Shatter
 90431 | Depths:1 | Entered Level 1 of the Depths
 90730 | Depths:1 | Found a gateway to Hell.
 91062 | Depths:1 | Found a sacrificial altar of Ru.
 91452 | Depths:1 | Found Kiogats's Jewellery Emporium.
 91453 | Depths:1 | Found Ownoq's Book Shop.
 91453 | Depths:1 | Found Fewuex's Book Shop.
 91580 | Depths:1 | Found a one-way gate to the infinite horrors of the Abyss.
 91985 | Depths:2 | Reached XP level 25. HP: 112/160 MP: 36/41
 92618 | Depths:2 | Reached skill level 25 in Earth Magic
 92753 | Depths:2 | Identified the +6 demon trident of the Dungeon {venom, rN+
                  | Int+2}
 92943 | Depths:2 | Found a one-way gate leading to the halls of Pandemonium.
 93982 | Depths:3 | Found a one-way gateway to a ziggurat.
 94511 | Depths:3 | Identified the +3 dagger "Orb Guardian's Regret" {heavy,
                  | rElec rN+}
 94948 | Depths:4 | Entered Level 4 of the Depths
 94949 | Depths:4 | Found Qilizeuc's Antique Armour Shoppe.
 95028 | Depths:4 | Reached skill level 26 in Earth Magic
 95037 | Depths:4 | Noticed Mennas
 95384 | Depths:4 | Noticed Xtahua
 95388 | Depths:4 | Killed Xtahua
 95728 | Depths:4 | Bought a shimmering ring mail for 198 gold pieces
 95728 | Depths:4 | Identified the +0 ring mail "Yroskeyx" {Int+3 Stlth+} (You
                  | bought it in a shop on level 4 of the Depths)
 95785 | Depths:4 | Killed Mennas
 95848 | Depths:4 | Found a gate to the Realm of Zot.
 96520 | Depths:4 | Found Quxt's Distillery.
 96524 | Depths:4 | Bought a potion of heal wounds for 60 gold pieces
 96524 | Depths:4 | Bought a potion of magic for 96 gold pieces
 96524 | Depths:4 | Bought 2 potions of haste for 240 gold pieces
 96524 | Depths:4 | Bought 2 potions of haste for 240 gold pieces
 96621 | Depths:4 | Bought a pair of embroidered gloves for 165 gold pieces
 96626 | Depths:4 | Bought a pair of runed boots for 165 gold pieces
 97175 | D:15     | Killed Carotun's ghost
 97706 | Slime:1  | Entered Level 1 of the Pits of Slime
 97718 | Slime:1  | Gained mutation: Your magical capacity is low. (-10% MP) [a
                  | shining eye]
 97784 | Slime:1  | Reached skill level 27 in Earth Magic
 97913 | Slime:1  | Gained mutation: You are weak. (Str -2) [a shining eye]
 98429 | Slime:2  | Reached XP level 26. HP: 165/166 MP: 10/36
100070 | Slime:5  | Entered Level 5 of the Pits of Slime
100088 | Slime:5  | Gained mutation: You are frail. (-10% HP) [a shining eye]
100089 | Slime:5  | Gained mutation: You are strong-willed. (Will+) [a shining
                  | eye]
100148 | Slime:5  | Noticed the Royal Jelly
100613 | Slime:3  | You are sucked into a shaft and drop 1 floor!
100811 | Slime:5  | Killed the Royal Jelly
101422 | Slime:5  | Identified the +4 falchion "Hihonanij" {venom, *Noise Dex+2
                  | SInv}
101428 | Slime:5  | Identified the +4 kite shield of the Blessed Realm {Rampage
                  | Str-3 Dex+7}
101434 | Slime:5  | Found the +8 autumn katana {manifold assault}
101449 | Slime:5  | Identified the ring of Ofuohew {rN+ MP+9 Str+5 Dex+4}
101458 | Slime:5  | Identified the +4 long sword of Indomitability {pain, rC+}
101513 | Slime:5  | Got a slimy rune of Zot
102700 | Vaults:2 | Lost mutation: You are weak. (Str -2) [potion of mutation]
102700 | Vaults:2 | Lost mutation: You are frail. (-10% HP) [potion of
                  | mutation]
102700 | Vaults:2 | Lost mutation: You are strong-willed. (Will+) [potion of
                  | mutation]
102700 | Vaults:2 | Gained mutation: You occasionally lose the ability to read
                  | scrolls when taking damage. [potion of mutation]
102701 | Vaults:2 | Lost mutation: Your magical capacity is low. (-10% MP)
                  | [potion of mutation]
102701 | Vaults:2 | Lost mutation: You occasionally lose the ability to read
                  | scrolls when taking damage. [potion of mutation]
102701 | Vaults:2 | Gained mutation: Potions are less effective at restoring
                  | your health. [potion of mutation]
102701 | Vaults:2 | Gained mutation: You occasionally lose the ability to read
                  | scrolls when taking damage. [potion of mutation]
102702 | Vaults:2 | Lost mutation: You occasionally lose the ability to read
                  | scrolls when taking damage. [potion of mutation]
102702 | Vaults:2 | Lost mutation: Potions are less effective at restoring your
                  | health. [potion of mutation]
102702 | Vaults:2 | Gained mutation: You occasionally lose the ability to read
                  | scrolls when taking damage. [potion of mutation]
102703 | Vaults:2 | Lost mutation: You occasionally lose the ability to read
                  | scrolls when taking damage. [potion of mutation]
102703 | Vaults:2 | Gained mutation: You have a pair of small horns on your
                  | head. [potion of mutation]
102703 | Vaults:2 | Gained mutation: You are strong-willed. (Will+) [potion of
                  | mutation]
102703 | Vaults:2 | Gained mutation: You passively dampen the noise of your
                  | surroundings. [potion of mutation]
102818 | Vaults:5 | Entered Level 5 of the Vaults
103058 | Vaults:5 | Noticed a dread lich
103061 | Vaults:5 | Identified the ring of Welio {Str+3 Dex+6}
103062 | Vaults:5 | Noticed a dread lich
103680 | Vaults:4 | Killed a dread lich
103681 | Vaults:4 | Killed a dread lich
103883 | Vaults:5 | Got a silver rune of Zot
103913 | Vaults:5 | Found the +6 arbalest "Damnation" {damnation}
104091 | Vaults:5 | Acquired the +10 eveningstar of Nialer {heavy, rElec rC+
                  | MP+9}
104344 | Vaults:5 | Identified the ring "Nuke" {AC+4 Str+3}
104346 | Vaults:5 | Identified the +0 robe "Eluam" {rF+ Int+2 Slay+3}
104399 | Vaults:5 | Reached XP level 27. HP: 172/172 MP: 34/41
104511 | Vaults:5 | Got the Anthology of the Brume and the Coward
105484 | Zot:1    | Entered Level 1 of the Realm of Zot
106064 | Zot:1    | Found a transporter.
106068 | Zot:1    | Found a shimmering blue altar of Sif Muna.
106106 | Zot:1    | Noticed a dread lich
106703 | Zot:1    | Noticed an orb of fire
106885 | Zot:1    | Found a transporter.
106885 | Zot:1    | Gained mutation: You are vulnerable to heat. (rF-) [an orb
                  | of fire]
106889 | Zot:1    | Gained mutation: You occasionally shout uncontrollably at
                  | your foes. [an orb of fire]
106898 | Zot:1    | Killed an orb of fire
107246 | Zot:1    | Reached skill level 15 in Spellcasting
107309 | Zot:1    | Killed a dread lich
107575 | Zot:1    | Noticed an orb of fire
107580 | Zot:1    | Killed an orb of fire
107769 | Zot:1    | Got Fabreros's Encyclopedia of Vitiation and Misfortune
107986 | D:15     | Learned a level 7 spell: Spellforged Servitor
108504 | Zot:2    | Reached skill level 1 in Summonings
108586 | Zot:2    | Noticed Grunn
108591 | Zot:2    | Killed Grunn
108705 | Zot:2    | Lost mutation: You are strong-willed. (Will+) [potion of
                  | mutation]
108705 | Zot:2    | Lost mutation: You are vulnerable to heat. (rF-) [potion of
                  | mutation]
108705 | Zot:2    | Gained mutation: Armour fits poorly on your strangely
                  | shaped body. [potion of mutation]
108705 | Zot:2    | Gained mutation: You have sharp toenails. [potion of
                  | mutation]
108706 | Zot:2    | Lost mutation: You have a pair of small horns on your head.
                  | [potion of mutation]
108706 | Zot:2    | Lost mutation: You have sharp toenails. [potion of
                  | mutation]
108706 | Zot:2    | Lost mutation: You occasionally shout uncontrollably at
                  | your foes. [potion of mutation]
108706 | Zot:2    | Gained mutation: You expend magic power (3 MP) to
                  | strengthen your wands. [potion of mutation]
108706 | Zot:2    | Gained mutation: You have hidden genetic potential. [potion
                  | of mutation]
108706 | Zot:2    | Gained mutation: You occasionally lose the ability to read
                  | scrolls when taking damage. [potion of mutation]
108706 | Zot:2    | Gained mutation: A frigid envelope surrounds you and
                  | freezes all who hurt you. [potion of mutation]
108707 | Zot:2    | Lost mutation: Armour fits poorly on your strangely shaped
                  | body. [potion of mutation]
108707 | Zot:2    | Lost mutation: You occasionally lose the ability to read
                  | scrolls when taking damage. [potion of mutation]
108707 | Zot:2    | Lost mutation: You expend magic power (3 MP) to strengthen
                  | your wands. [potion of mutation]
108707 | Zot:2    | Gained mutation: You are strong-willed. (Will+) [potion of
                  | mutation]
108707 | Zot:2    | Gained mutation: Your body sometimes deteriorates upon
                  | taking damage. [potion of mutation]
116472 | Zot:3    | Noticed an orb of fire
116477 | Zot:3    | Killed an orb of fire
118298 | Zot:4    | Found a transporter.
118401 | Zot:4    | Found a transporter.
118765 | Zot:4    | Identified the ring "Apohoh" {EV+5 Str+5}
118773 | Zot:4    | Noticed an ancient lich
118783 | Zot:4    | Identified the ring of Ceasef {rF+ Will+ Int+6}
118836 | Zot:4    | Reached skill level 5 in Summonings
119222 | Zot:4    | Killed an ancient lich
119432 | Zot:5    | Entered Level 5 of the Realm of Zot
119821 | Zot:5    | Gained mutation: Your movements are slightly less
                  | encumbered by armour. (ER -2) [hidden potential]
120018 | Zot:5    | Noticed a dread lich
120026 | Zot:5    | Noticed a dread lich
120028 | Zot:5    | Noticed an ancient lich
120079 | Zot:5    | Killed a dread lich
120083 | Zot:5    | Killed an ancient lich
120086 | Zot:5    | Killed a dread lich
120521 | Zot:5    | Noticed an orb of fire
120521 | Zot:5    | Noticed an orb of fire
120533 | Zot:5    | Gained mutation: You sometimes lose your temper in combat.
                  | [an orb of fire]
120541 | Zot:5    | Gained mutation: You are vulnerable to heat. (rF-) [an orb
                  | of fire]
120542 | Zot:5    | Gained mutation: Your magical capacity is low. (-10% MP)
                  | [an orb of fire]
120543 | Zot:5    | Gained mutation: You are partially covered in iridescent
                  | scales. (AC +2) [an orb of fire]
120727 | Zot:5    | Killed an orb of fire
120729 | Zot:5    | Killed an orb of fire
121605 | Zot:5    | Noticed a dread lich
121631 | Zot:5    | Killed a dread lich
121712 | Zot:5    | Noticed an orb of fire
121716 | Zot:5    | Killed an orb of fire
121745 | Zot:5    | Noticed an orb of fire
121750 | Zot:5    | Killed an orb of fire
121961 | Zot:5    | Got the Orb of Zot
122494 | D:$      | Escaped with the Orb!

Illustrated notes

Levels and vault maps discovered:
D:1:      matt_arrival_grand_opening, layout_rooms, minmay_fountain_box
D:2:      layout_basic
D:3:      layout_rooms, eat_drink_and_be_merry_uskayaw
D:4:      minmay_angry_zag, layout_cave_pods, mainiacjoe_overflow_catwalk,
          marbit_many_paths, minitemple, nicolae_shop_i_like_big_books
D:5:      layout_basic, minmay_temple_entry_fiery, cheibrodos_sewer_entry_bend,
          uniq_edmund, uniq_menkaure
D:6:      layout_basic, serial_undead, serial_undead_f, serial_undead_a,
          serial_undead_b, serial_undead_f
D:7:      nicolae_cairo_tiling_very_big, layout_basic, enter_bailey_5,
          serial_shops, nicolae_lakefront_shop, gammafunk_ghost_nasty_kobolds,
          nicolae_shop_sticking_my_neck_out
D:8:      layout_layer_cave, nicolae_wu_jian_immortal_techniques,
          ashenzari_altar_1, grunt_ministairs_4,
          nicolae_transporter_intersection, uniq_maggie
D:9:      layout_long_grid, bloody_trog
D:10:     layout_long_grid, serial_ice, serial_ice_i, serial_ice_d,
          serial_ice_g, serial_ice_e, serial_ice_h, serial_ice_n
D:11:     layout_cave_pools, dpeg_oklobed_lair, orc_david_3,
          portal_ice_cave_entry_pillars_1, serial_shops, nicolae_shop_trees
D:12:     layout_loops_corners, serial_shops, shop_scrolls
D:13:     layout_rooms, skrybe_vaults_entry_preservation, serial_bayou_ford_a
D:14:     layout_roguey, minivault_23
D:15:     gammafunk_enter_depths_forms, layout_cave_pools, nrook_pool_corridor,
          ebering_ghost_funeral_grove, minmay_misc_feat_more_columns,
          uniq_louise
Lair:1:   layout_concentric_octagons, grunt_megastairs_5, uniq_amaemon
Lair:2:   layout_loops_ring, elwin_shoals_entry_rooms, basic_altar,
          serial_bayou_shore_b
Lair:3:   minmay_lair_oklob_chamber, layout_misc_corridors,
          nicolae_snake_entry_squirm, infiniplex_staircase_pool,
          grunt_megastairs_2
Lair:4:   layout_loops_ring, lightli_volcano_entry_magma_tube,
          serial_bayou_shore_b
Lair:5:   due_jungle_book, layout_loops_ring, dpeg_slime_entry_corner,
          uniq_kirke, uniq_sonja
Shoals:1: layout_shoals, serial_shops, nicolae_take_the_stairs, uniq_josephine
Shoals:2: layout_shoals, nicolae_shoals_kraken_intersection
Shoals:3: layout_shoals
Shoals:4: shoals_end_hellmonk_lost_city
Snake:1:  nicolae_snake_shooting_gallery, layout_grid_shapes,
          nicolae_shop_unique_rings, uniq_azrael, uniq_nikola
Snake:2:  layout_onion_interference, basic_altar, drop_trap,
          fake_guardian_serpent_vault
Snake:3:  onia_ninara_swampy_vault, layout_rooms
Snake:4:  snake_pit, layout_cave_town, grunt_ministairs_10, uniq_aizul,
          uniq_vashnia
Slime:1:  layout_caves
Slime:2:  layout_caves, cheibrodos_slime_lost_civilization_5
Slime:3:  cheibrodos_slime_lost_civilization_9, layout_caves
Slime:4:  layout_caves
Slime:5
Orc:1:    minmay_goldmine, layout_caves, serial_shops,
          nicolae_shop_overgrown_old_shop
Orc:2:    grunt_orc_tribal_feast, layout_caves, basic_altar, uniq_snorg
Elf:1:    layout_rooms, serial_glass, glass_columns_a, glass_columns_b,
          hangedman_elf_disciples, nicolae_elf_double_double_double_trouble
Elf:2:    elven_hall_of_blades_hangedman_original
          [nicolae_blade_entry_area_security], layout_rooms, serial_shops, shop,
          nicolae_shop_advertising_works [nicolae_subvault_shop_adworks],
          nicolae_stop_n_shop_1, shop, nicolae_stop_n_shop_2, evilmike_ambush
          [evilmike_ambush_outer_basic, evilmike_ambush_inner_pond]
Elf:3:    grunt_elf_hall_diamonds, layout_loops_corners, drop_trap
Vaults:1: nicolae_vaults_twisting_passages, nicolae_vaults_asterisk, v_rooms_6,
          nicolae_vaults_what_the_h, vaults_dpeg_hooks, v_misc_24,
          st_octagons_2, v_rooms_6, ontoclasm_vaults_pinch,
          dpeg_vaults_monster_box, grunt_vaults_hallway_short,
          vaults_dpeg_spiral, hangedman_vaults_river_flow, layout_vaults_omnibox
Vaults:2: vaults_room_grid, ontoclasm_vaults_loading_screen,
          hangedman_vaults_nodes, nicolae_vaults_circle_grid_a,
          ontoclasm_vaults_twist, hangedman_vaults_maws, vaults_mumra_minichess,
          nicolae_vaults_octagons, vaults_dpeg_diagonal, ontoclasm_vaults_eye,
          nicolae_vaults_border_crossing, grunt_vaults_funnel,
          ontoclasm_vaults_shuriken, layout_vaults_omnicross, uniq_margery
Vaults:3: grunt_vaults_hallway_long, vaults_room_door_hall, v_rooms_4,
          v_rooms_4, nicolae_vaults_network_square,
          minmay_crypt_entry_necro_gods, layout_vaults_omnigrid, serial_shops,
          shop, nicolae_shop_competitors_out_of_business, shop_fountains,
          nicolae_shop_bloodbath_and_beyond
Vaults:4: mu_enter_wizlab_6, nicolae_vaults_specimen_jars,
          hangedman_vaults_cutoff, ontoclasm_vaults_loading_screen,
          hangedman_vaults_locks, v_pattern_3, v_misc_8, v_misc_32,
          nicolae_vaults_little_squares_1, v_alt_pattern_2, vaults_room_corners,
          vaults_room_semicircle, nicolae_vaults_quartermaster,
          layout_vaults_maze_bifur, serial_shops,
          nicolae_shop_overgrown_old_shop
Vaults:5
Crypt:1:  layout_regular_city, grunt_crypt_arrival_webbed, grunt_megastairs_4
Crypt:2:  layout_basic, ebering_ghost_gozag, fountainhead, uniq_sojobo
Crypt:3:  church_of_pain_bobbens, layout_chaotic_city,
          tomb_entry_forgotten_bobbens, serial_sigils_hangedman_quiver
Depths:1: layout_honeycomb, nicolae_benzene_ring, hell_entry,
          abyss_entry_small_statue_room, minmay_misc_feat_iff,
          hangedman_ru_absence, minmay_shop_grove
Depths:2: kennysheep_scales, layout_gridville, chequers_serial_rivers_small_b,
          rand_demon_pan_entry_8, pf_hell_entry_tar_river, serial_bayou_shore_b,
          infiniplex_staircase_spiral_double, serial_bayou_shore_b,
          grunt_megastairs_1
Depths:3: kennysheep_windowed_halls, layout_honeycomb, enter_ziggurat_c,
          abyss_entry, kennysheep_decorative_pillar, hangedman_geh_valley,
          infiniplex_staircase_pillars_1, firewood_loft
Depths:4: grunt_crosshair, layout_gridlike, grunt_hell_entry_dis_grunt,
          skrybe_limestone_x, serial_shops, shop, nicolae_shop_window_shopping,
          serial_bayou_shore_a, uniq_xtahua, uniq_mennas
Zot:1:    gammafunk_sealed_library, layout_onion_interference,
          lemuel_baited_zot_trap, uniq_josephina
Zot:2:    infiniplex_zot_generator, layout_misc_corridors, uniq_grunn
Zot:3:    layout_cathedral_of_symmetry, drop_trap, hangedman_swamp_dais
Zot:4:    gammafunk_dig_for_victory, layout_twisted_circle
Zot:5:    layout_gridlike, lemuel_baited_zot_trap,
          hangedman_zot_diagonal_lockstep, bh_zot_ikea_curve

Skill      XL: |  1  2  3  4  5  6  7  8  9 10 11 12 13 14 15 16 17 18 19 20 21 22 23 24 25 26 27 |
---------------+----------------------------------------------------------------------------------+-----
Transmutations | 1 |  1.0
Armour         | 1 2 3 4 5 6 7 8 9 10 11 12 13 14 15 16 17 19 | 19.7
Fighting       | 1 2 3 4 5 6 7 8 10 11 12 13 14 15 16 17 19 | 19.7
Earth Magic    | 4 5 6 7 9 10 11 12 13 15 16 17 18 20 22 24 27 | 27.0
Dodging        | 2 4 |  4.8
Maces & Flails | 1 2 3 4 5 6 7 8 9 10 11 12 14 | 14.2
Throwing       | 1 2 |  2.0
Stealth        | 3 |  3.0
Conjurations   | 1 2 3 5 6 7 8 10 11 12 13 14 15 16 18 20 21 23 25 26 | 26.7
Ranged Weapons | 1 2 3 4 |  4.2
Spellcasting   | 3 4 5 6 7 8 9 10 11 13 14 16 | 16.4
Evocations     | 2 3 |  3.0
Poison Magic   | 2 4 5 6 7 |  7.0
Air Magic      | 2 3 |  3.0
Translocations | 1 3 4 5 |  5.1
Shields        | 1 3 4 6 8 9 11 12 13 14 15 18 | 18.0
Necromancy     | 1 4 5 |  5.0
Summonings     | 6 |  6.9

Action                     |  1- 3 |  4- 6 |  7- 9 | 10-12 | 13-15 | 16-18 | 19-21 | 22-24 | 25-27 || total
---------------------------+-------+-------+-------+-------+-------+-------+-------+-------+-------++-------
  Melee: Club              |     4 |       |       |       |       |       |       |       |       ||     4
         Morningstar       |       |       |       |       |    37 |   293 |    23 |       |       ||   353
         Eveningstar       |       |       |       |       |       |       |    41 |   118 |    48 ||   207
         Staff             |       |       |       |       |       |       |    11 |    29 |    21 ||    61
         Headbutt          |       |       |       |       |       |       |       |       |     9 ||     9
   Fire: Longbow           |    10 |    43 |    40 |       |       |       |       |       |       ||    93
         Shortbow          |       |       |    56 |   139 |    36 |       |       |       |       ||   231
         Sling             |       |       |       |       |   100 |    36 |    60 |       |       ||   196
  Throw: Dart              |     2 |     3 |       |     9 |       |     9 |    33 |    38 |    21 ||   115
         Javelin           |       |       |       |       |     1 |       |       |       |       ||     1
   Cast: Sandblast         |    65 |    82 |   138 |   214 |   270 |    33 |    91 |    45 |    17 ||   955
         Stone Arrow       |       |       |    46 |   238 |   511 |   152 |   352 |   217 |    42 ||  1558
         Poisonous Vapours |       |       |     4 |    46 |    33 |     5 |    25 |     3 |    11 ||   127
         Iskenderun's Myst |       |       |       |     2 |    19 |    55 |    85 |    27 |     3 ||   191
         Iskenderun's Batt |       |       |       |       |     5 |     2 |   105 |    88 |   105 ||   305
         Iron Shot         |       |       |       |       |       |   482 |   363 |   599 |   760 ||  2204
         Lee's Rapid Decon |       |       |       |       |       |     6 |    16 |    30 |     9 ||    61
         Borgnjor's Vile C |       |       |       |       |       |       |    12 |    10 |     1 ||    23
         Lehudib's Crystal |       |       |       |       |       |       |       |    57 |   181 ||   238
         Shatter           |       |       |       |       |       |       |       |       |    91 ||    91
         Spellforged Servi |       |       |       |       |       |       |       |       |    19 ||    19
  Evoke: Wand              |       |       |     8 |     1 |     3 |    17 |       |     1 |     6 ||    36
         Lightning rod     |       |       |       |       |     4 |    10 |     4 |    12 |       ||    30
         Box of beasts     |       |       |       |       |       |     1 |       |     2 |       ||     3
         Tin of tremorston |       |       |       |       |       |       |       |     1 |     1 ||     2
    Use: Scroll            |     4 |     3 |     6 |    15 |     7 |     6 |     5 |     9 |     6 ||    61
         Potion            |       |       |     1 |     3 |     3 |     2 |       |     3 |     8 ||    20
 Armour: Robe              |     3 |       |       |       |       |       |       |       |       ||     3
         Leather armour    |     5 |    23 |    65 |   220 |    43 |   370 |   256 |   271 |   113 ||  1366
         Ring mail         |       |       |       |     6 |   270 |    35 |       |       |       ||   311
         Scale mail        |       |       |       |       |       |       |       |       |   157 ||   157
  Dodge: Dodged            |    27 |    36 |    81 |   181 |   209 |   207 |   124 |   192 |   197 ||  1254
  Block: Other             |     7 |    13 |    34 |    70 |    25 |       |       |       |       ||   149
         Reflection        |     1 |       |     4 |    11 |     8 |   105 |   139 |    34 |       ||   302
         Buckler           |       |       |       |       |   220 |    66 |       |       |       ||   286
         Kite shield       |       |       |       |       |       |   545 |   391 |   352 |   201 ||  1489

Table legend: (Time is in decaauts)
 A = Elapsed time spent in this place.
 B = Non-inter-level travel time spent in this place.
 C = Inter-level travel time spent in this place.
 D = Time resting spent in this place.
 E = Time spent auto-exploring this place.
 F = Levels seen in this place.
 G = Mean time per level.
                   A        B        C        D        E       F      G
               +--------+--------+--------+--------+--------+-----+--------+
         Total | 123504 | 113991 |   9513 |  32983 |  61628 |  60 | 2058.4 |
       Dungeon |  22387 |  19156 |   3231 |   3814 |  11726 |  15 | 1492.5 |
          Lair |  12240 |  10796 |   1444 |   3714 |   4948 |   5 | 2448.0 |
        Shoals |   8304 |   7961 |    343 |   2628 |   4214 |   4 | 2076.0 |
     Snake Pit |  12713 |  12261 |    452 |   5295 |   4806 |   4 | 3178.2 |
    Slime Pits |   4193 |   3785 |    408 |    702 |   2349 |   5 |  838.6 |
  Orcish Mines |   4742 |   4307 |    435 |   2112 |   1543 |   2 | 2371.0 |
   Elven Halls |   8659 |   8335 |    324 |   3911 |   3239 |   3 | 2886.3 |
        Vaults |  15670 |  14130 |   1540 |   2893 |   9240 |   5 | 3134.0 |
         Crypt |   5231 |   4969 |    262 |   1075 |   2810 |   3 | 1743.7 |
        Depths |   7379 |   6680 |    699 |   1153 |   4564 |   4 | 1844.8 |
           Zot |  15098 |  14727 |    371 |   2726 |  10078 |   5 | 3019.6 |
         Sewer |   1010 |   1010 |      0 |      0 |    763 |   1 | 1010.0 |
        Bailey |   1589 |   1589 |      0 |    677 |    273 |   1 | 1589.0 |
      Ice Cave |   1978 |   1978 |      0 |   1000 |    635 |   1 | 1978.0 |
       Volcano |    750 |    750 |      0 |    328 |    259 |   1 |  750.0 |
        Wizlab |   1552 |   1552 |      0 |    953 |    179 |   1 | 1552.0 |
               +--------+--------+--------+--------+--------+-----+--------+

Top non-repeatable levels by time:
   Zot:2: 6961 daAuts
Vaults:2: 5095 daAuts
   Elf:2: 4478 daAuts
  Lair:5: 4256 daAuts
 Snake:2: 3596 daAuts
Vaults:4: 3553 daAuts
 Snake:1: 3440 daAuts
Vaults:1: 3178 daAuts
 Snake:4: 3063 daAuts
   Orc:2: 3030 daAuts
 Snake:3: 2613 daAuts
  Lair:3: 2607 daAuts
    D:13: 2570 daAuts
   Zot:4: 2348 daAuts
Vaults:3: 2318 daAuts
